 Dungeon Sprint DCSS version 0.31-a0-1439-g542172135e (webtiles) character file.

Game seed: 3832621873864427417

295290 Conn the Scorcher (level 14, 100/104 HPs)
             Began as an Octopode Fire Elementalist on Dec 27, 2023.
             Was an Elder of Sif Muna.
             Escaped with the Orb!
             The game lasted 01:11:47 (6161 turns).

Conn the Scorcher (Octopode Fire Elementalist)      Turns: 6161, Time: 01:11:48

Health: 100/104    AC:  5    Str: 13    XL:     14   Next: 14%
Magic:  27/50      EV: 15    Int: 24    God:    Sif Muna [****..]
Gold:   2632       SH:  5    Dex: 13    Spells: 11/49 levels left

rFire   + + +        A - staff of fire
rCold   + . .        (no shield)
rNeg    . . .        (helmet restricted)
rPois   +            k - amulet of reflection
rElec   .            c - ring of poison resistance
rCorr   .            h - +4 ring of protection
SInv    .            m - ring "Oraneess" {rPois rC+ MP+9 Str+6 Int+2}
Will    ++++.        p - ring of fire
Stlth   +            t - ring of protection from cold
HPRegen 0.37/turn    s - ring "Loogexu" {Will++ MP+9}
MPRegen 0.32/turn    g - ring of protection from fire
                     E - ring of willpower

%: no teleportation, reflection
@: glowing
A: almost no armour, amphibious, 8 rings, camouflage 1, gelatinous body 1,
(nimble swimmer 1), tentacles, antennae 1, low MP 1
0: Orb of Zot
a: Renounce Religion, Channel Magic, Forget Spell, Divine Exegesis


You escaped.
You worshipped Sif Muna.
Sif Muna was greatly pleased with you.
You visited 1 branch You collected 6896 gold pieces.
You spent 4264 gold pieces at shops.

Inventory:

Hand Weapons
 i - a +0 short sword of venom
 v - a +5 eudemon blade of holy wrath
 J - the +7 quarterstaff "Lanwes" {flame, rElec rC+ rCorr Str-5}
   (You bought it in a shop in the Dungeon)

   Str-5:     It affects your strength (-5).
   rC+:       It protects you from cold.
   rElec:     It insulates you from electricity.
   rCorr:     It protects you from acid and corrosion.
Missiles
 j - 4 curare-tipped darts (quivered)
Armour
 w - a +1 tower shield of protection
Magical Staves
 A - a staff of fire (weapon)
 F - a staff of conjuration
Jewellery
 c - a ring of poison resistance (left tentacle)
 g - a ring of protection from fire (on tentacle)
 h - a +4 ring of protection (right tentacle)
 k - an amulet of reflection (around mantle)
 m - the ring "Oraneess" (on tentacle) {rPois rC+ MP+9 Str+6 Int+2}
   (You bought it in a shop in the Dungeon)

   [ring of magical power]

   Str+6:     It affects your strength (+6).
   Int+2:     It affects your intelligence (+2).
   rC+:       It protects you from cold.
   rPois:     It protects you from poison MP+9: It affects your magic capacity
   (+9).
 p - a ring of fire (on tentacle)
 s - the ring "Loogexu" (on tentacle) {Will++ MP+9}
   (You bought it in a shop in the Dungeon)

   [ring of magical power]

   Will++:    It greatly increases your willpower.
   MP+9:      It affects your magic capacity (+9).
 t - a ring of protection from cold (on tentacle)
 z - the amulet of Elemental Vulnerability {rPois rF-- rC-- AC+8}
   (You found it in the Dungeon)

   [amulet of nothing]

   AC+8:      It affects your AC (+8).
   rF--:      It makes you very vulnerable to fire.
   rC--:      It makes you very vulnerable to cold.
   rPois:     It protects you from poison
 C - a ring of protection from fire
 D - an amulet of magic regeneration
 E - a ring of willpower (on tentacle)
 K - a ring of magical power
Wands
 e - a wand of light (19)
 r - a wand of roots (10)
Scrolls
 l - 3 scrolls of fear
Potions
 a - a potion of magic
 b - a potion of curing
 d - a potion of enlightenment
 n - a potion of lignification
 x - a potion of degeneration
Miscellaneous
 u - a condenser vane
 y - a phantom mirror
 B - a phial of floods


   Skills:
 * Level 12.4 Fighting
 + Level 3.2 Short Blades
 + Level 0.2(2.0) Long Blades
 + Level 2.3 Throwing
 + Level 6.2 Dodging
 - Level 5.5 Stealth
 + Level 0.3 Shields
 - Level 1.5 Unarmed Combat
 + Level 18.0 Spellcasting
 + Level 12.5 Conjurations
 - Level 6.7 Hexes
 * Level 8.5 Summonings
 + Level 3.3 Translocations
 + Level 18.8 Fire Magic
 + Level 7.2 Ice Magic
 * Level 9.4 Air Magic
 * Level 13.7 Invocations


You had 11 spell levels left.
You knew the following spells:

 Your Spells              Type           Power      Damage    Failure   Level
a - Foxfire               Conj/Fire      100%       2x1d9     0%          1
b - Scorch                Fire           100%       2d9       0%          2
c - Inner Flame           Hex/Fire       100%       N/A       1%          3
d - Plasma Beam           Fire/Air       58%        2x1d73    1%          6
e - Fireball              Conj/Fire      60%        3d23      1%          5
g - Metabolic Englaciati  Hex/Ice        26%        N/A       3%          5
h - Iskenderun's Mystic   Conj/Tloc      56%        2d12      1%          4
i - Orb of Destruction    Conj           35%        9d10      11%         7
j - Blink                 Tloc           74%        N/A       1%          2
k - Hailstorm             Conj/Ice       62%        3d11      1%          3

Your spell library contained the following spells:

 Spells                   Type           Power      Damage    Failure   Level
 Magic Dart               Conj           100%       1d8       0%          1
 Shock                    Conj/Air       100%       1d9       1%          1
 Sting                    Conj/Alch      100%       1d9       1%          1
 Call Imp                 Summ           100%       N/A       1%          2
 Momentum Strike          Conj/Tloc      100%       3d10      1%          2
 Searing Ray              Conj           100%       2d8       1%          2
 Static Discharge         Conj/Air       100%       3-8/arc   1%          2
 Dazzling Flash           Conj/Hex       100%       N/A       1%          3
 Frozen Ramparts          Ice            100%       1d16      1%          3
 Summon Ice Beast         Ice/Summ       56%        N/A       1%          3
 Swiftness                Air            61%        N/A       1%          3
 Tukima's Dance           Hex            52%        N/A       1%          3
 Volatile Blastmotes      Fire/Tloc      100%       2d18      1%          3
 Brom's Barrelling Bould  Conj/Erth      51%        2d7       1%          4
 Cause Fear               Hex            26%        N/A       1%          4
 Flame Wave               Conj/Fire      100%       2d21      1%          4
 Summon Blazeheart Golem  Fire/Summ      100%       N/A       1%          4
 Arcjolt                  Conj/Air       32%        1d42      1%          5
 Freezing Cloud           Conj/Ice/Air   31%        6-21      1%          5
 Iskenderun's Battlesphe  Conj           70%        2d12      1%          5
 Silence                  Hex/Air        28%        N/A       2%          5
 Summon Mana Viper        Hex/Summ       55%        N/A       2%          5
 Conjure Ball Lightning   Conj/Air       32%        3x3d10    3%          6
 Martyr's Knell           Necr/Summ      42%        N/A       4%          4
 Irradiate                Conj/Alch      25%        3d20      4%          5
 Summon Forest            Summ/Tloc      25%        N/A       5%          5
 Vampiric Draining        Necr           21%        2d7       7%          3
 Summon Cactus Giant      Summ           29%        N/A       11%         6
 Yara's Violent Unravell  Hex/Alch       18%        3d9       16%         5
 Petrify                  Alch/Erth      21%        N/A       22%         4
 Bombard                  Conj/Erth      25%        9d5       26%         6
 Spellforged Servitor     Conj/Summ      32%        N/A       26%         7
 Monstrous Menagerie      Summ           29%        N/A       52%         7
 Summon Hydra             Summ           29%        N/A       52%         7
 Sculpt Simulacrum        Ice/Alch       19%        N/A       63%         6
 Ozocubu's Refrigeration  Ice            27%        4d13      69%         7
 Malign Gateway           Summ/Tloc      25%        N/A       86%         7
 Eringya's Noxious Bog    Alch           10%        4d6       98%         6
 Fire Storm               Conj/Fire      60%        8d15      98%         9
 Discord                  Hex            26%        N/A       100%        8
 Disjunction              Tloc           18%        N/A       100%        8
 Lehudib's Crystal Spear  Conj/Erth      25%        10d7      100%        8
 Death's Door             Necr           10%        N/A       100%        9
 Dragon's Call            Summ           29%        N/A       100%        9
 Animate Armour           Summ/Erth      Unusable   N/A       N/A         4

Dungeon Overview and Level Annotations

Branches:
Dungeon (1/1)

Altars:
Cheibriados
Dithmenos
Elyvilon
Fedhas
Gozag
Hepliaklqana
Kikubaaqudgha
Makhleb
Nemelex Xobeh
Okawaru
Qazlal
Ru
Sif Muna
Trog
Uskayaw
Vehumet
Wu Jian
Xom
Yredelemnul
Zin
The Shining One
Jiyva
Lugonu

Shops:
D *!***=(!=*:(:=*(=::[?[


Innate Abilities, Weirdness & Mutations

You cannot wear most types of armour.
You are amphibious.
You can wear up to eight rings at the same time.
Your skin changes colour to match your surroundings (Stealth+).
Your rubbery body absorbs attacks. (AC +1, EV +1)
((You are camouflaged when in or above water. (Stealth+)))
You have tentacles for arms and can constrict up to eight enemies at once.
You have a pair of small antennae on your head.
Your magical capacity is low. (-10% MP)


Message History

The floor.
Unknown command.
Unknown command.
Casting: Metabolic Englaciation (dangerous; 3% risk of failure)
Confirm with . or Enter, or press ? or * to list all spells.
Casting: Hailstorm (safe; 1% risk of failure)
Press: ? - help, Dir - look around, f - activate A cannonade of hail descends around you!
The hail pelts your fire vortex.
Your fire vortex is frozen!
Your fire vortex is lightly damaged.
The hail misses the angel.
The hail pelts the seraph but does no damage.
The seraph is moderately wounded.
The angel is engulfed in blazing flames.
The angel gestures.
The angel is healed somewhat.
Unknown command.
Casting: Hailstorm (safe; 1% risk of failure)
Confirm with . or Enter, or press ? or * to list all spells.
You erupt in a blast of force!
The mystic blast hits the seraph!
The seraph is moderately wounded.
The seraph is knocked back by the mystic blast.
The seraph collides with the angel!
The angel is almost dead.
The angel is no longer moving slowly.
The angel is engulfed in blazing flames.
The seraph gestures.
Unknown command.
Unknown command.
Unknown command.
Casting: Iskenderun's Mystic Blast (mildly dangerous; 1% risk of failure)
Confirm with . or Enter, or press ? or * to list all spells.
Okay, then.
Unknown command.
Unknown command.
Unknown command.
The seraph gestures.
The angel hits you with a +1 whip of holy wrath. x2
You have escaped!

##################
#@A#..'..#..'..#__
#AAA.v#..)..#..'..
#.A#####'#####'#__
#A.####..#...#.###
#A)#__####..##(#§§
#..#____§##'#_§§§§
#⌠⌠#_.∩...'...§#~~
####_..__##_.#'##+
*,,#_____###'#.#.(


You could see a seraph, 4 angels, 2 cherubim and a friendly fire vortex (slow).

Vanquished Creatures
  Lom Lobon (D)
  Tiamat (D)
  the Lernaean hydra (D)
  A golden dragon (D)
  A Tzitzimitl (D)
  A deep elf master archer (D)
  A shadow dragon (D)
  2 daevas (D)
  4 fire giants (D)
  A deep elf annihilator (D)
  A mummy priest (D)
  A hydra (D)
  A centaur warrior (D)
  A demonic crawler (D)
  Sonja (D)
  A deep troll (D)
  A lindwurm (D)
  8 shining eyes (D)
  2 oklob plants (D)
  A meliai (D)
  2 merfolk sirens (D)
  An orange demon (D)
  7 unseen horrors (D)
  A gargoyle (D)
  2 kobold demonologists (D)
  An ice devil (D)
  A hellwing (D)
  5 hornets (D)
  7 glass eyes (D)
  Sigmund (D)
  A slime creature (D)
  A yak (D)
  12 hogs (D)
  2 redbacks (D)
  An ogre (D)
  7 necrophages (D)
  8 jellies (D)
  Ijyb (D)
  A ball lightning (D)
94 creatures vanquished.

Vanquished Creatures (collateral kills)
  A lorocyproca (D)
  A centaur warrior (D)
  3 demonic crawlers (D)
  A gargoyle (D)
  A hog (D)
7 creatures vanquished.

Vanquished Creatures (others)
  6 ball lightnings (D)
  2 ballistomycete spores (D)
  58 foxfires (D)
66 creatures vanquished.

Grand Total: 167 creatures vanquished

Notes
Turn   | Place    | Note
-------+----------+-------------------------------------------
     0 | D        | Conn the Octopode Fire Elementalist began the quest for the
                  | Orb.
     0 | D        | Reached XP level 1. HP: 11/11 MP: 3/3
     1 | D        | Noticed Ijyb
    10 | D        | Killed Ijyb
    11 | D        | Reached skill level 5 in Fire Magic
    11 | D        | Reached XP level 2. HP: 9/17 MP: 1/6
    11 | D        | Reached XP level 3. HP: 11/21 MP: 1/7
    66 | D        | Learned a level 2 spell: Scorch
    70 | D        | Learned a level 3 spell: Inner Flame
    83 | D        | Noticed an ogre
    89 | D        | Killed an ogre
    90 | D        | Reached skill level 1 in Unarmed Combat
    90 | D        | Reached XP level 4. HP: 27/27 MP: 0/10
   188 | D        | Learned a level 4 spell: Flame Wave
   188 | D        | Noticed Sigmund
   199 | D        | Killed Sigmund
   200 | D        | Reached skill level 1 in Short Blades
   200 | D        | Reached skill level 1 in Hexes
   200 | D        | Reached XP level 5. HP: 28/31 MP: 4/13
   200 | D        | Reached XP level 6. HP: 32/36 MP: 4/15
   293 | D        | Found a shimmering blue altar of Sif Muna.
   294 | D        | Found an ornate altar of the Wu Jian Council.
   295 | D        | Found a radiant altar of Vehumet.
   302 | D        | Reached skill level 1 in Fighting
   304 | D        | Became a worshipper of Sif Muna the Loreminder
   327 | D        | Found Haywkioc's General Store.
   327 | D        | Found an ancient bone altar of Kikubaaqudgha.
   327 | D        | Found a hazy altar of Hepliaklqana.
   327 | D        | Found a stormy altar of Qazlal.
   327 | D        | Found a hide-covered altar of Uskayaw.
   327 | D        | Found a blossoming altar of Fedhas.
   327 | D        | Found a bloodstained altar of Trog.
   327 | D        | Found an iron altar of Okawaru.
   327 | D        | Found a basalt altar of Yredelemnul.
   327 | D        | Found a glowing golden altar of the Shining One.
   327 | D        | Found a snail-covered altar of Cheibriados.
   327 | D        | Found a sacrificial altar of Ru.
   327 | D        | Found a glowing silver altar of Zin.
   327 | D        | Found a shadowy altar of Dithmenos.
   327 | D        | Found a white marble altar of Elyvilon.
   327 | D        | Noticed a yak
   333 | D        | Killed a yak
   334 | D        | Reached skill level 5 in Stealth
   334 | D        | Reached skill level 5 in Conjurations
   334 | D        | Reached XP level 7. HP: 45/45 MP: 8/17
   336 | D        | Found an opulent altar of Gozag.
   337 | D        | Found a sparkling altar of Nemelex Xobeh.
   352 | D        | Found a burning altar of Makhleb.
   352 | D        | Found a viscous altar of Jiyva.
   352 | D        | Found a shimmering altar of Xom.
   352 | D        | Found a corrupted altar of Lugonu.
   352 | D        | Noticed a slime creature
   362 | D        | Killed a slime creature
   363 | D        | Reached skill level 10 in Fire Magic
   476 | D        | Bought a +4 ring of protection for 360 gold pieces
   482 | D        | Noticed Sonja
   486 | D        | Killed Sonja
   486 | D        | Reached * piety under Sif Muna
   487 | D        | Reached skill level 5 in Fighting
   487 | D        | Reached XP level 8. HP: 56/56 MP: 11/20
   580 | D        | Found Fyginoth's Assorted Antiques.
   600 | D        | Noticed a deep troll
   615 | D        | Killed a deep troll
   616 | D        | Reached skill level 1 in Throwing
   616 | D        | Reached XP level 9. HP: 63/63 MP: 13/22
   683 | D        | Found Sabranen's Armour Emporium.
   724 | D        | Noticed a kobold demonologist
   728 | D        | Noticed a kobold demonologist
   730 | D        | Killed a kobold demonologist
   730 | D        | Reached ** piety under Sif Muna
   730 | D        | Killed a kobold demonologist
   731 | D        | Reached skill level 5 in Dodging
   831 | D        | Bought a book of the Dragon for 420 gold pieces
   837 | D        | Learned a level 5 spell: Fireball
   858 | D        | Noticed a shining eye
   858 | D        | Noticed a shining eye
   858 | D        | Noticed a shining eye
   881 | D        | Killed a shining eye
   881 | D        | Killed a shining eye
   881 | D        | Reached *** piety under Sif Muna
   882 | D        | Reached skill level 10 in Spellcasting
   882 | D        | Reached skill level 5 in Hexes
   882 | D        | Reached XP level 10. HP: 71/71 MP: 6/24
   882 | D        | Noticed a shining eye
   884 | D        | Killed a shining eye
   887 | D        | Noticed a shining eye
   903 | D        | Killed a shining eye
   903 | D        | Killed a shining eye
   903 | D        | Reached **** piety under Sif Muna
   904 | D        | Reached skill level 5 in Invocations
   906 | D        | Noticed a shining eye
   984 | D        | Noticed a shining eye
   985 | D        | Gained mutation: You have a pair of small antennae on your
                  | head. [a shining eye]
   988 | D        | Killed a shining eye
   989 | D        | Reached skill level 10 in Conjurations
  1053 | D        | Gained mutation: Your magical capacity is low. (-10% MP) [a
                  | shining eye]
  1054 | D        | Killed a shining eye
  1054 | D        | Reached ***** piety under Sif Muna
  1147 | D        | Noticed a shining eye
  1150 | D        | Killed a shining eye
  1242 | D        | Found Vanoklad's Distillery.
  1242 | D        | Found Vutuy's Assorted Antiques.
  1242 | D        | Found Tamiarph's General Store.
  1242 | D        | Found Potesmem's Jewellery Boutique.
  1295 | D        | Noticed a centaur warrior
  1295 | D        | Noticed a centaur warrior
  1297 | D        | Killed a centaur warrior
  1298 | D        | Reached XP level 11. HP: 59/75 MP: 1/24
  1300 | D        | Killed a centaur warrior
  1301 | D        | Reached skill level 1 in Summonings
  1317 | D        | Reached skill level 15 in Fire Magic
  1437 | D        | Learned a level 3 spell: Summon Ice Beast
  1450 | D        | Noticed an oklob plant
  1454 | D        | Killed an oklob plant
  1573 | D        | Received a gift from Sif Muna
  1576 | D        | Got Rujavise's Verses on Distillation and Enchantment {god
                  | gift}
  1583 | D        | Learned a level 5 spell: Metabolic Englaciation
  1720 | D        | Reached skill level 1 in Ice Magic
  1729 | D        | Received a gift from Sif Muna
  1737 | D        | Got Sif Muna's Tome of the Plutonic Volley {god gift}
  1743 | D        | Found the +1 robe of Vines {NoPotionHeal Regen++++}
  1771 | D        | Found Mawitrel's Distillery.
  1771 | D        | Found Ribuh's Weapon Shop.
  1771 | D        | Found Foyxue's Jewellery Boutique.
  1773 | D        | Found Nuneiphu's Assorted Antiques.
  1773 | D        | Found Fomoem's Book Shop.
  1773 | D        | Found Otolyoth's Weapon Shoppe.
  1773 | D        | Found Kekiket's Book Boutique.
  1773 | D        | Found Cirui's Jewellery Emporium.
  1773 | D        | Found Eguen's General Store.
  1773 | D        | Found Hecouro's Weapon Shoppe.
  1776 | D        | Found Zellyug's Jewellery Boutique.
  1777 | D        | Found Citteff's Book Emporium.
  1777 | D        | Found Pisa Ujeirph's Book Boutique.
  1778 | D        | Found Biuq Cibleo's Magic Scroll Emporium.
  1792 | D        | Learned a level 4 spell: Iskenderun's Mystic Blast
  1800 | D        | Learned a level 7 spell: Orb of Destruction
  1806 | D        | Bought a book of Minor Magic for 192 gold pieces
  1809 | D        | Learned a level 2 spell: Blink
  1812 | D        | Bought the ring "Oraneess" {rPois rC+ MP+9 Str+6 Int+2} for
                  | 605 gold pieces
  1822 | D        | Bought a potion of lignification for 30 gold pieces
  1822 | D        | Bought a potion of heal wounds for 50 gold pieces
  1823 | D        | Bought a ring of fire for 275 gold pieces
  1876 | D        | Noticed a demonic crawler
  1876 | D        | Noticed a demonic crawler
  1876 | D        | Noticed a demonic crawler
  1876 | D        | Noticed a demonic crawler
  1884 | D        | Killed a demonic crawler
  1885 | D        | Killed a demonic crawler
  1890 | D        | Killed a demonic crawler
  1890 | D        | Received a gift from Sif Muna
  1890 | D        | Killed a demonic crawler
  1891 | D        | Reached skill level 5 in Summonings
  1891 | D        | Got Jyfubb's Spellbook of the Bloody Blink Frog {god gift}
  1915 | D        | Killed a lorocyproca
  1916 | D        | Reached skill level 5 in Ice Magic
  1924 | D        | Reached XP level 12. HP: 70/81 MP: 16/27
  2173 | D        | Received a gift from Sif Muna
  2181 | D        | Reached ****** piety under Sif Muna
  2181 | D        | Received a gift from Sif Muna
  2186 | D        | Got Sif Muna's Information on the Deep Freeze {god gift}
  2188 | D        | Got Sif Muna's Atlas of Voltage and the Glacier {god gift}
  2193 | D        | Learned a level 3 spell: Hailstorm
  2303 | D        | Noticed a 12-headed hydra
  2308 | D        | Killed a 12-headed hydra
  2309 | D        | Reached skill level 15 in Spellcasting
  2309 | D        | Reached skill level 10 in Invocations
  2389 | D        | Learned a level 6 spell: Plasma Beam
  2393 | D        | Noticed a deep elf annihilator
  2397 | D        | Reached skill level 1 in Air Magic
  2400 | D        | Reached skill level 1 in Translocations
  2401 | D        | Killed a deep elf annihilator
  2545 | D        | Noticed a mummy priest
  2550 | D        | Killed a mummy priest
  2550 | D        | Received a gift from Sif Muna
  2551 | D        | Got Sif Muna's Cyclopedia of Congealing Assaults {god gift}
  2694 | D        | Noticed the 27-headed Lernaean hydra
  2703 | D        | Killed the 27-headed Lernaean hydra
  2920 | D        | Bought an amulet of reflection for 330 gold pieces
  2920 | D        | Bought the ring "Loogexu" {Will++ MP+9} for 451 gold pieces
  2920 | D        | Bought a ring of protection from cold for 275 gold pieces
  2990 | D        | Noticed a daeva
  3006 | D        | Killed a daeva
  3007 | D        | Reached XP level 13. HP: 43/91 MP: 11/29
  3158 | D        | Reached skill level 5 in Air Magic
  3166 | D        | Received a gift from Sif Muna
  3167 | D        | Reached skill level 10 in Fighting
  3167 | D        | Got Orairiru's Catalogue of Collective Clouds {god gift}
  3363 | D        | Noticed a fire giant
  3365 | D        | Noticed a fire giant
  3368 | D        | Killed a fire giant
  3369 | D        | Noticed a fire giant
  3370 | D        | Killed a fire giant
  3370 | D        | Noticed a fire giant
  3379 | D        | Killed a fire giant
  3380 | D        | Killed a fire giant
  3590 | D        | Found the +4 dragonskin cloak
  3590 | D        | Noticed Tiamat
  3828 | D        | Noticed a shadow dragon
  3828 | D        | Noticed a golden dragon
  3828 | D        | Found Osauvora's Armour Shoppe.
  3912 | D        | Killed a shadow dragon
  3914 | D        | Killed a golden dragon
  4173 | D        | Noticed a deep elf master archer
  4302 | D        | Killed a deep elf master archer
  4394 | D        | Found the amulet of Elemental Vulnerability {rPois rF--
                  | rC-- AC+8}
  4436 | D        | Got the Codex of Sidekicks
  4443 | D        | Learned a level 5 spell: Summon Forest
  4443 | D        | Identified the +5 chain mail of Greed {-Tele rElec Regen+}
  4535 | D        | Identified the +7 mace of the Omega Point {freeze, rC-
                  | Dex+5 SInv}
  4539 | D        | Got the Omnibus of the Subzero Jaunt
  4995 | D        | Bought a potion of haste for 100 gold pieces
  4995 | D        | Bought a potion of resistance for 100 gold pieces
  4995 | D        | Bought a potion of brilliance for 40 gold pieces
  4996 | D        | Bought the +7 quarterstaff "Lanwes" {flame, rElec rC+ rCorr
                  | Str-5} for 816 gold pieces
  4997 | D        | Bought a ring of magical power for 220 gold pieces
  5106 | D        | Noticed Lom Lobon
  5209 | D        | Killed Lom Lobon
  5505 | D        | Killed Tiamat
  5506 | D        | Reached XP level 14. HP: 103/103 MP: 8/32
  5659 | D        | Got the Orb of Zot
  5921 | D        | Noticed a Tzitzimitl
  5924 | D        | Killed a Tzitzimitl
  5924 | D        | Received a gift from Sif Muna
  5925 | D        | Got Sif Muna's Textbook on Conflict {god gift}
  6155 | D        | Noticed a seraph
  6155 | D        | Noticed an angel
  6155 | D        | Noticed a daeva
  6156 | D        | Killed a daeva
  6160 | D        | Noticed an angel
  6160 | D        | Noticed an angel
  6160 | D        | Noticed an angel
  6161 | D        | Escaped with the Orb!

Illustrated notes

Levels and vault maps discovered:
D:        dungeon_sprint_1 [red_sonja_temple_1, red_sonja_temple_small_1]

Skill      XL: |  1  2  3  4  5  6  7  8  9 10 11 12 13 14 |
---------------+-------------------------------------------+-----
Stealth        | 3 4 5 |  5.5
Spellcasting   | 3 4 6 7 8 9 10 12 14 16 17 18 | 18.0
Fire Magic     | 5 6 8 9 11 13 14 16 17 18 | 18.8
Dodging        | 3 4 5 6 |  6.2
Unarmed Combat | 1 |  1.5
Conjurations   | 3 4 5 6 7 9 10 11 12 | 12.5
Short Blades   | 1 2 3 |  3.2
Hexes          | 1 3 5 6 |  6.7
Fighting       | 2 5 6 7 9 12 | 12.4
Throwing       | 1 2 |  2.3
Invocations    | 3 7 9 11 13 | 13.7
Summonings     | 5 6 8 |  8.5
Ice Magic      | 5 7 |  7.2
Air Magic      | 4 9 |  9.4
Translocations | 2 3 |  3.3
Long Blades    | |  0.2
Shields        | |  0.3

Action                     |  1- 3 |  4- 6 |  7- 9 | 10-12 | 13-15 || total
---------------------------+-------+-------+-------+-------+-------++-------
  Melee: Unarmed           |     5 |       |       |       |       ||     5
         Constrict         |     1 |       |       |     3 |     1 ||     5
         Tentacles         |     1 |       |       |     4 |     2 ||     7
         Dagger            |     1 |       |       |       |       ||     1
         Short sword       |       |       |       |    13 |     2 ||    15
         Eudemon blade     |       |       |       |       |     4 ||     4
  Throw: Dart              |       |       |     4 |       |       ||     4
   Cast: Foxfire           |     5 |     2 |    10 |    15 |     2 ||    34
         Scorch            |     2 |     7 |     8 |    35 |    93 ||   145
         Inner Flame       |       |     3 |     9 |    18 |     1 ||    31
         Fireball          |       |       |       |    38 |    12 ||    50
         Dragon's Call     |       |       |       |     2 |     2 ||     4
         Flame Wave        |       |       |       |     5 |       ||     5
         Metabolic Englaci |       |       |       |     3 |     2 ||     5
         Summon Ice Beast  |       |       |       |     3 |     1 ||     4
         Iskenderun's Myst |       |       |       |     2 |     5 ||     7
         Orb of Destructio |       |       |       |     1 |     8 ||     9
         Blink             |       |       |       |     1 |     6 ||     7
         Plasma Beam       |       |       |       |       |    31 ||    31
         Summon Forest     |       |       |       |       |     6 ||     6
         Hailstorm         |       |       |       |       |     2 ||     2
         Fire Storm        |       |       |       |       |     1 ||     1
 Invoke: Channel Magic     |       |       |       |     3 |     5 ||     8
         Divine Exegesis   |       |       |       |     2 |     3 ||     5
         Forget Spell      |       |       |       |     1 |     1 ||     2
    Use: Potion            |     1 |     2 |       |     1 |    11 ||    15
         Scroll            |       |       |       |     3 |     6 ||     9
 Armour: Skin              |     3 |     3 |     2 |    25 |    38 ||    71
  Dodge: Dodged            |       |     1 |     1 |    19 |     9 ||    30
  Block: Other             |       |       |       |       |     3 ||     3

Table legend: (Time is in decaauts)
 A = Elapsed time spent in this place.
 B = Non-inter-level travel time spent in this place.
 C = Inter-level travel time spent in this place.
 D = Time resting spent in this place.
 E = Time spent auto-exploring this place.
 F = Levels seen in this place.
 G = Mean time per level.
                   A        B        C        D        E       F      G
               +--------+--------+--------+--------+--------+-----+--------+
         Total |   6106 |   5895 |    211 |   3127 |      0 |   1 | 6106.0 |
       Dungeon |   6106 |   5895 |    211 |   3127 |      0 |   1 | 6106.0 |
               +--------+--------+--------+--------+--------+-----+--------+

Top non-repeatable levels by time:
       D: 6106 daAuts
